 Dungeon Sprint DCSS version 0.29-a0-364-g921d912d32 (webtiles) character file.

Game seed: 18427164888287132159

1262 mhtbhm the Unseen (level 8, -1/58 (64) HPs)
             Began as a Spriggan Brigand on Apr 30, 2022.
             Was a Believer of Dithmenos.
             Slain by Josephine
             ... wielding a +3 dagger of venom
              (8 damage)
             ... in the Dungeon (Sprint III: "The Ten Rune Challenge").
             The game lasted 00:02:40 (1147 turns).

mhtbhm the Unseen (Spriggan Brigand)                Turns: 1147, Time: 00:02:41

HP:   -1/58 (64)    AC:  5    Str:  7    XL:     8   Next: 27%
MP:   9/9           EV: 20    Int: 13    God:    Dithmenos [**....]
Gold: 36            SH:  0    Dex: 18    Spells: 7/7 levels left

rFire   . . .      SeeInvis +   a - +2 dagger
rCold   . . .      Faith    .   (no shield)
rNeg    . . .      Spirit   .   b - +1 robe {Will+}
rPois   +          Reflect  .   (helmet restricted)
rElec   .          Harm     .   m - +1 cloak {Will+}
rCorr   .          Rampage  .   (gloves unavailable)
Will    +++..      Clarity  +   (boots unavailable)
Stlth   .......... NoTele   +   (no amulet)
HPRegen 0.19/turn               l - ring of poison resistance
MPRegen 0.11/turn               (no ring)

@: berserking (expiring), wreathed by umbra, drained, very quick
A: very small, no large weapons, unfitting armour, see invisible, speed 3, horns
2, clarity
a: Renounce Religion, Shadow Step


You were in the Dungeon.
You worshipped Dithmenos.
Dithmenos was pleased with you.
You visited 1 branch You collected 36 gold pieces.

Inventory:

Hand Weapons
 a - a +2 dagger (weapon)
Missiles
 d - 7 poisoned darts (quivered)
 e - 3 curare-tipped darts
Armour
 b - a +1 robe of willpower (worn)
 c - a +0 cloak
 m - a +1 cloak of willpower (worn)
Jewellery
 l - a ring of poison resistance (left hand)
Scrolls
 k - a scroll of blinking
 n - a scroll of immolation {unknown}
 o - 2 scrolls of identify {unknown}
 q - a scroll of holy word {unknown}
Potions
 f - a potion of curing
 g - 2 potions of heal wounds
 h - a potion of haste
 i - 2 potions of magic
 p - 3 potions of flight
 r - 2 potions of mutation
Miscellaneous
 s - a piece from Xom's chessboard (15/15)


   Skills:
 + Level 5.3 Fighting
 + Level 8.4 Short Blades
 + Level 7.1 Throwing
 + Level 5.6 Dodging
 + Level 20.6 Stealth


You had 7 spell levels left.
You didn't know any spells.
Your spell library contained the following spells:

 Spells                   Type           Power      Damage    Failure   Level
 Ozocubu's Armour         Ice            0%         N/A       67%         3
 Metabolic Englaciation   Hex/Ice        0%         N/A       100%        5
 Simulacrum               Ice/Necr       0%         N/A       100%        6


Dungeon Overview and Level Annotations

Branches:
Dungeon (1/1)

Altars:
Cheibriados
Dithmenos
Elyvilon
Fedhas
Gozag
Hepliaklqana
Kikubaaqudgha
Makhleb
Nemelex Xobeh
Okawaru
Qazlal
Ru
Sif Muna
Trog
Uskayaw
Vehumet
Wu Jian
Xom
Yredelemnul
Zin
The Shining One
Beogh
Jiyva
Lugonu

Annotations:
D Josephine


Innate Abilities, Weirdness & Mutations

You are very small and have problems with some larger weapons.
You are too small for most types of armour.
You have supernaturally acute eyesight. (SInv)
You cover ground extremely quickly. (Speed+++)
You have a pair of horns on your head.
You possess an exceptional clarity of mind.


Message History

Unknown command.
Unknown command.
You start waiting.
Josephine is nearby!
Unknown command.
You hit Josephine but do no damage. You completely miss Josephine.
Josephine drinks a potion.
Josephine seems to speed up.
You hit Josephine.
Josephine is lightly wounded.
Josephine says, "How about some decapitation?"
Josephine gestures at you while chanting.
The ghostly flame explodes!
The ghostly fireball engulfs you!!
You feel drained.
The ghostly fireball engulfs Josephine.
Josephine completely resists.
Unknown command.
Okay, then.
A red film seems to cover your vision as you go berserk!
You feel yourself moving faster!
You feel mighty!
Josephine points at you and mumbles some strange words.
The ghostly flame explodes!
The ghostly fireball engulfs you!!
You feel drained.
* * * LOW HITPOINT WARNING * * *
The ghostly fireball engulfs Josephine.
Josephine completely resists.
You puncture Josephine! Your headbutt misses Josephine.
Josephine is lightly wounded.
Josephine misses you.
You completely miss Josephine. Your headbutt misses Josephine.
Josephine is lightly wounded.
You hit Josephine.
Josephine is lightly wounded.
Josephine hits you with a +3 dagger of venom!
* * * LOW HITPOINT WARNING * * *
You puncture Josephine!
Josephine is moderately wounded.
Josephine misses you.
You hit Josephine. You headbutt Josephine!
Josephine is heavily wounded.
Josephine hits you with a +3 dagger of venom!
You die...

♣.#___#___#__#
♣♣.#)..#__)#._#
♣..###'#'###'##
♣♣..#..........#
.♣..'.⌠........#
≈.♣.#...######'#
....#.⌠.#__#...#+#####
....#...#__#...#.@≈≈≈+
....#'###__#...#@#§§≈#
....#.))#__#...'.#§§.#
....#___#__'...#.#...#
▓▓▓▓▓▓▓▓▓▓▓▓▓▓▓▓▓▓▓▓▓▓


You could see Josephine (fast).

Vanquished Creatures
  A deep elf pyromancer (D)
  A shadow (D)
  A spatial vortex (D)
  A water elemental (D)
  A necrophage (D)
  A jelly (D)
  Crazy Yiuf (D)
  A necromancer (D)
  A wizard (D)
  3 humans (D)
  A kobold demonologist (D)
  4 rats (D)
17 creatures vanquished.

Notes
Turn   | Place    | Note
-------+----------+-------------------------------------------
     0 | D        | mhtbhm the Spriggan Brigand began the quest for the Orb.
     0 | D        | Reached XP level 1. HP: 10/10 MP: 2/2
     8 | D        | Reached skill level 6 in Stealth
   179 | D        | Reached skill level 8 in Stealth
   179 | D        | Reached XP level 2. HP: 14/15 MP: 3/3
   206 | D        | Noticed Crazy Yiuf
   214 | D        | Killed Crazy Yiuf
   215 | D        | Reached skill level 10 in Stealth
   215 | D        | Reached XP level 3. HP: 19/19 MP: 4/4
   261 | D        | Gained mutation: Your spells are a little harder to cast,
                  | but a little more powerful. [potion of mutation]
   261 | D        | Gained mutation: You have a pair of small horns on your
                  | head. [potion of mutation]
   268 | D        | Lost mutation: Your spells are a little harder to cast, but
                  | a little more powerful. [potion of mutation]
   268 | D        | Lost mutation: You have a pair of small horns on your head.
                  | [potion of mutation]
   268 | D        | Gained mutation: You occasionally shout uncontrollably at
                  | your foes. [potion of mutation]
   269 | D        | Lost mutation: You occasionally shout uncontrollably at
                  | your foes. [potion of mutation]
   269 | D        | Gained mutation: You have a pair of small horns on your
                  | head. [potion of mutation]
   269 | D        | Gained mutation: You possess an exceptional clarity of
                  | mind. [potion of mutation]
   269 | D        | Gained mutation: You have a pair of horns on your head.
                  | [potion of mutation]
   283 | D        | Noticed a water elemental
   286 | D        | Killed a water elemental
   287 | D        | Reached skill level 12 in Stealth
   287 | D        | Reached XP level 4. HP: 23/23 MP: 5/5
   298 | D        | Found a shadowy altar of Dithmenos.
   298 | D        | Noticed a necrophage
   299 | D        | Found a basalt altar of Yredelemnul.
   299 | D        | Found a sacrificial altar of Ru.
   301 | D        | Reached skill level 13 in Stealth
   319 | D        | Killed a necrophage
   320 | D        | Reached skill level 5 in Short Blades
   320 | D        | Reached skill level 14 in Stealth
   320 | D        | Reached XP level 5. HP: 11/28 MP: 6/6
   323 | D        | Became a worshipper of Dithmenos the Shadowed
   515 | D        | Noticed a shadow
   517 | D        | Killed a shadow
   518 | D        | Reached skill level 5 in Throwing
   518 | D        | Reached skill level 16 in Stealth
   518 | D        | Reached XP level 6. HP: 33/33 MP: 7/7
   690 | D        | Found a blossoming altar of Fedhas.
   690 | D        | Found a stormy altar of Qazlal.
   690 | D        | Found a snail-covered altar of Cheibriados.
   690 | D        | Found a burning altar of Makhleb.
   690 | D        | Found a shimmering altar of Xom.
   690 | D        | Noticed a spatial vortex
   691 | D        | Found a hazy altar of Hepliaklqana.
   691 | D        | Found an opulent altar of Gozag.
   691 | D        | Found a sparkling altar of Nemelex Xobeh.
   691 | D        | Found a corrupted altar of Lugonu.
   691 | D        | Found a viscous altar of Jiyva.
   694 | D        | Killed a spatial vortex
   694 | D        | Reached * piety under Dithmenos
   695 | D        | Reached skill level 17 in Stealth
   717 | D        | Found a hide-covered altar of Uskayaw.
   717 | D        | Found an iron altar of Okawaru.
   718 | D        | Found a bloodstained altar of Trog.
   718 | D        | Found an ornate altar of the Wu Jian Council.
   718 | D        | Noticed a human
   718 | D        | Noticed a human
   759 | D        | Killed a human
   760 | D        | Reached skill level 18 in Stealth
   760 | D        | Reached XP level 7. HP: 36/38 MP: 8/8
   839 | D        | Killed a human
   840 | D        | Reached skill level 5 in Dodging
   840 | D        | Reached skill level 19 in Stealth
  1084 | D        | Found a glowing silver altar of Zin.
  1084 | D        | Found a glowing golden altar of the Shining One.
  1084 | D        | Found a white marble altar of Elyvilon.
  1085 | D        | Noticed a deep elf pyromancer
  1087 | D        | Killed a deep elf pyromancer
  1087 | D        | Reached ** piety under Dithmenos
  1088 | D        | Reached skill level 5 in Fighting
  1088 | D        | Reached skill level 20 in Stealth
  1088 | D        | Reached XP level 8. HP: 43/43 MP: 9/9
  1099 | D        | Found a radiant altar of Vehumet.
  1100 | D        | Found a shimmering blue altar of Sif Muna.
  1100 | D        | Found an ancient bone altar of Kikubaaqudgha.
  1134 | D        | Noticed Josephine
  1147 | D        | Slain by Josephine

Illustrated notes

Levels and vault maps discovered:
D:        dungeon_sprint_mu [sprint_mu_entry_forest, sprint_mu_temple_rooms,
          sprint_mu_d1_horrors, sprint_mu_d2_genie, sprint_mu_d3_branching,
          sprint_mu_orc_legion, sprint_mu_elf_gauntlet, sprint_mu_hive_nellie,
          sprint_mu_lair_fedhas, sprint_mu_vaults_butterflies,
          sprint_mu_slime_circle, sprint_mu_swamp_cave, sprint_mu_snake_twists,
          sprint_mu_blade_basic, sprint_mu_crypt_chambers,
          sprint_mu_tomb_spiral, sprint_mu_vestibule_basic,
          sprint_mu_gehenna_hellfire, sprint_mu_dis_giant,
          sprint_mu_tartarus_statrot, sprint_mu_cocytus_islands, sprint_mu_zot1]

Skill      XL: |  1  2  3  4  5  6  7 |
---------------+----------------------+-----
Stealth        | 8 10 12 14 16 18 20 | 20.6
Fighting       | 2 3 4 5 |  5.3
Short Blades   | 3 4 5 6 7 8 |  8.4
Throwing       | 3 4 5 7 |  7.1
Dodging        | 2 3 4 5 |  5.6

Action                   |  1- 3 |  4- 6 |  7- 9 || total
-------------------------+-------+-------+-------++-------
Melee: Dagger            |    12 |    30 |    29 ||    71
       Headbutt          |       |     5 |     4 ||     9
Throw: Dart              |     5 |     5 |     5 ||    15
  Use: Potion            |     3 |       |     1 ||     4
 Stab: Sleeping          |     1 |     3 |     3 ||     7
Armor: Robe              |       |     2 |     1 ||     3
Dodge: Dodged            |     6 |    12 |     8 ||    26

Table legend: (Time is in decaauts)
 A = Elapsed time spent in this place.
 B = Non-inter-level travel time spent in this place.
 C = Inter-level travel time spent in this place.
 D = Time resting spent in this place.
 E = Time spent auto-exploring this place.
 F = Levels seen in this place.
 G = Mean time per level.
                   A        B        C        D        E       F      G
               +--------+--------+--------+--------+--------+-----+--------+
         Total |    992 |    992 |      0 |    650 |      0 |   1 |  992.0 |
       Dungeon |    992 |    992 |      0 |    650 |      0 |   1 |  992.0 |
               +--------+--------+--------+--------+--------+-----+--------+

Top non-repeatable levels by time:
       D: 992 daAuts
